 Dungeon Crawl Stone Soup version 0.23-a0-309-ge7838e6 (webtiles) character file.

14147 b5mith the Grappler (level 11, -7/120 HPs)
             Began as a Troll Conjurer on Oct 11, 2018.
             Was a High Priest of Cheibriados.
             Mangled by a white ugly thing (19 damage)
             ... on level 11 of the Dungeon.
             The game lasted 00:32:39 (9362 turns).

b5mith the Grappler (Troll Conjurer)                Turns: 9362, Time: 00:32:40

Health: -7/120     AC:  7    Str: 38    XL:     11   Next: 84%
Magic:  11/11      EV: 10    Int: 24    God:    Cheibriados [*****.]
Gold:   272        SH:  0    Dex: 23    Spells: 11/12 levels left

rFire    . . .     SeeInvis +     - Unarmed
rCold    . . .     Gourm    +   (no shield)
rNeg     . . .     Faith    .   Q - +0 troll leather armour
rPois    .         Spirit   .   (helmet restricted)
rElec    .         Reflect  .   (no cloak)
rCorr    .         Harm     .   (gloves unavailable)
MR       .....                  (boots unavailable)
Stlth    ++........             o - amulet of regeneration
HPRegen  1.50/turn              J - ring of see invisible
MPRegen  0.12/turn              U - +4 ring of strength

@: lethally poisoned (-7 -> -7), very slow
A: large, unfitting armour, claws 3, fast metabolism 3, gourmand, regeneration
1, shaggy fur 1, tough skin 2
a: Bend Time, Temporal Distortion, Slouch, Step From Time, Renounce Religion


You were on level 11 of the Dungeon.
You worshipped Cheibriados.
Cheibriados was extremely pleased with you.
You were completely stuffed.

You visited 1 branch of the dungeon, and saw 11 of its levels.
You also visited: Sewer.

You collected 419 gold pieces.
You spent 147 gold pieces at shops.

Inventory:

Hand Weapons
 r - a +0 hunting sling
   (You took it off a goblin on level 2 of the Dungeon)
Missiles
 n - a throwing net (quivered)
Armour
 a - a +0 robe
 D - a +0 cloak
   (You found it on level 5 of the Dungeon)
 Q - a +0 troll leather armour (worn)
   (You found it on level 9 of the Dungeon)
Jewellery
 i - an uncursed ring of flight
   (You found it on level 3 of the Dungeon)
 l - a +2 ring of intelligence
   (You found it on level 2 of the Dungeon)
 o - an amulet of regeneration (around neck)
   (You found it on level 2 of the Dungeon)
 y - an uncursed ring of protection from fire
   (You found it on level 4 of the Dungeon)
 I - an uncursed ring of positive energy
   (You found it on level 6 of the Dungeon)
 J - a ring of see invisible (left claw)
   (You found it on level 6 of the Dungeon)
 U - a +4 ring of strength (right claw)
   (You found it on level 10 of the Dungeon)
Wands
 m - a wand of polymorph (10)
   (You found it on level 2 of the Dungeon)
 q - a wand of random effects (66)
   (You took it off Natasha on level 2 of the Dungeon)
 s - a wand of disintegration (9)
   (You found it on level 3 of the Dungeon)
 E - a wand of digging (12)
   (You found it on level 5 of the Dungeon)
 K - a wand of clouds (6)
   (You found it on level 7 of the Dungeon)
 L - a wand of paralysis (20)
   (You found it on level 7 of the Dungeon)
 N - a wand of iceblast (12)
   (You found it on level 8 of the Dungeon)
 R - a wand of flame (34)
   (You took it off a big kobold on level 10 of the Dungeon)
Scrolls
 b - 4 scrolls of fear
 e - 2 scrolls of immolation {unknown}
 j - 8 scrolls of remove curse {@r2}
 k - 3 scrolls of blinking {unknown}
 t - 2 scrolls of magic mapping {unknown}
 u - 6 scrolls of identify {@r1}
 v - 2 scrolls of acquirement {unknown}
 x - 5 scrolls of amnesia
 z - 3 scrolls of random uselessness {unknown}
 A - 3 scrolls of fog {unknown}
 B - 3 scrolls of teleportation
 G - a scroll of enchant armour {unknown}
 O - a scroll of noise {unknown}
 P - a scroll of enchant weapon {unknown}
Potions
 d - 3 potions of lignification {unknown}
 f - 6 potions of heal wounds
 g - 3 potions of might
 h - 8 potions of curing {@q1}
 p - 3 potions of flight
 w - 7 potions of degeneration {!q}
 F - 4 potions of mutation {!q}
 H - 2 potions of experience {unknown}
 M - a potion of invisibility {unknown}
 S - a potion of berserk rage {unknown}
 T - a potion of brilliance {unknown}
 V - a potion of cancellation {unknown}
 W - 2 potions of ambrosia {unknown}
Comestibles
 c - 23 rations
 X - 7 chunks of flesh


   Skills:
 + Level 11.3 Fighting
 - Level 1.5 Dodging
 - Level 1.0 Stealth
 + Level 13.2 Unarmed Combat
 - Level 1.2 Spellcasting
 - Level 2.9 Conjurations


You had 11 spell levels left.
You knew the following spells:

 Your Spells              Type           Power        Failure   Level  Hunger
a - Magic Dart            Conj           ###.         4%          1    #......

Your spell library contained the following spells:

 Spells                   Type           Power        Failure   Level  Hunger
 Searing Ray              Conj           ###...       6%          2    ###....
 Flame Tongue             Conj/Fire      #....        8%          1    #......
 Throw Flame              Conj/Fire      #.....       12%         2    ###....
 Conjure Flame            Conj/Fire      #.......     22%         3    ###....
 Dazzling Spray           Conj/Hex       #.....       22%         3    ###....
 Inner Flame              Hex/Fire       #.......     38%         3    ###....
 Iskenderun's Mystic Bla  Conj           ###.....     38%         4    #####..
 Force Lance              Conj/Tloc      #.......     58%         4    #####..
 Fulminant Prism          Conj/Hex       #.........   58%         4    #####..
 Sticky Flame             Conj/Fire      #.......     58%         4    #####..
 Fireball                 Conj/Fire      #.........   91%         5    ######.
 Irradiate                Conj/Tmut      #.........   91%         5    ######.
 Hydra Form               Tmut           #.........   100%        6    #######
 Statue Form              Tmut/Erth      #........    100%        6    #######
 Dragon Form              Tmut           #.........   100%        7    #######


Dungeon Overview and Level Annotations

Branches:
Dungeon (11/15)            Temple (0/1) D:7            Lair (0/6) D:9
    Orc (0/2) D:11

Altars:
Cheibriados
Elyvilon
Fedhas
Hepliaklqana
Nemelex Xobeh
Okawaru
Qazlal
Sif Muna
Trog
Uskayaw
Wu Jian
Xom
Yredelemnul
The Shining One

Shops:
D:5 ?


Innate Abilities, Weirdness & Mutations

You are too large for most types of armour.
You have claws for hands.
Your metabolism is lightning-fast.
You like to eat raw meat.
Your natural rate of healing is unusually fast.
You are covered in fur. (AC +1)
You have very tough skin. (AC +2)


Message History

You see here 2 arrows.
x - 5 scrolls of amnesia (gained 1)
You now have 272 gold pieces (gained 16).
H - 2 glowing amethyst potions (gained 1)
Items here: ( )) † an uncursed shortbow x2; 25 arrows; a centaur corpse Magic restored.
Things that are here:
a shortbow; 24 arrows; a centaur skeleton
Found 15 bolts.
A worker ant comes into view.
The worker ant closely misses you. The worker ant bites you.
You are poisoned.
The worker ant poisons you!
You scratch the worker ant.
The worker ant is moderately wounded.
You feel sick. The worker ant closely misses you.
You eviscerate the worker ant!!!
You kill the worker ant!
Cheibriados thoroughly appreciates the change of pace.
HP restored.
You feel sick.
A white ugly thing comes into view.
You feel sick.
The white ugly thing gurgles horribly!
You hear a howl!
A howler monkey comes into view.
A deep elf mage comes into view. It is wielding a long sword.
The howler monkey hoots and howls with incredible vigour!
The deep elf mage casts a spell.
The white ugly thing punches you! The white ugly thing freezes you!
Found a ring mail.
You feel sick. The white ugly thing barely misses you.
The deep elf mage gestures wildly while chanting.
The white ugly thing punches you. The white ugly thing freezes you!!
The white ugly thing punches you. The white ugly thing freezes you!
* * * LOW HITPOINT WARNING * * *
The white ugly thing punches you!
* * * LOW HITPOINT WARNING * * *
The white ugly thing freezes you!!
* * * LOW HITPOINT WARNING * * *
Okay, then.
As you read the scroll of holy word, it crumbles to dust.
You speak a Word of immense power!
The hell rat convulses!
You kill the hell rat!
The hell rat's corpse disappears in a puff of smoke!
The jumping spider leaps!
The howler monkey hoots and howls with incredible vigour!
The white ugly thing punches you!
* * * LOW HITPOINT WARNING * * *
The white ugly thing freezes you!!
You die...

.....# #.....
.....# #.#...
#e....# #.#...
#.....# #.#.#(
h...(#####.#.##
###e..............
#.§..3............
#u####.###.#.....#
#@####.###.#.....#
#..........#.....#
######.###.#.....#
#.# #.#.....# #.#
#.#.....# #.#
#.#.....# ..#
#.####### ..# #.#
..# .#


You could see a white ugly thing, a deep elf mage and a howler monkey.

Vanquished Creatures
  Harold (D:7)
  3 two-headed ogres
  A tengu warrior (D:9)
  An ugly thing (D:11)
  A manticore (D:11)
  Joseph (D:7)
  A tengu conjurer (D:9)
  A troll (D:9)
  Prince Ribbit (D:7)
  4 hippogriffs
  A shadow (D:11)
  5 yaks (D:10)
  3 hungry ghosts
  2 water moccasins
  3 sky beasts
  An eye of draining (D:11)
  4 ice beasts
  6 phantoms
  5 orc warriors
  2 black bears
  6 ogres
  3 necrophages (D:8)
  9 centaurs
  2 big kobolds
  The ghost of wearedevo the Scratcher, an amateur FeCK of Xom (D:3)
  11 bullfrogs
  A water moccasin zombie (D:6)
  4 scorpions
  5 killer bees (D:7)
  5 howler monkeys
  6 crimson imps
  3 bullfrog zombies
  A quasit (D:8)
  A centaur zombie (D:8)
  6 hounds
  A jelly (D:9)
  2 bullfrog skeletons
  3 orc priests
  3 orc wizards
  2 centaur skeletons
  Jessica (D:3)
  Natasha (thrice) (D:2)
  3 iguanas
  11 worker ants
  A killer bee zombie (D:8)
  8 ogre zombies (D:11)
  A hound zombie (D:9)
  A hound skeleton (D:7)
  2 river rats (Sewer)
  12 adders
  10 gnolls
  An ooze (D:1)
  2 worms
  2 dart slugs (D:1)
  5 leopard geckos
  38 orcs
  7 ball pythons
  6 giant cockroaches
  5 hobgoblins
  13 jackals
  4 quokkas
  7 bats
  13 frilled lizards
  7 goblins
  3 goblin skeletons (D:11)
  6 goblin zombies (D:11)
  3 hobgoblin skeletons (D:11)
  3 hobgoblin zombies (D:11)
  A jackal skeleton (D:4)
  12 kobolds
  2 leopard gecko zombies
  An orc skeleton (D:11)
  8 orc zombies (D:11)
  10 rats
334 creatures vanquished.

Vanquished Creatures (others)
  A frilled lizard (D:1)
  A goblin (D:1)
  A bush (D:8)
  8 plants (D:8)
11 creatures vanquished.

Grand Total: 345 creatures vanquished

Notes
Turn   | Place    | Note
-------+----------+-------------------------------------------
     0 | D:1      | b5mith the Troll Conjurer began the quest for the Orb.
     0 | D:1      | Reached XP level 1. HP: 16/16 MP: 1/1
    55 | D:1      | Reached skill level 1 in Unarmed Combat
    58 | D:1      | Reached XP level 2. HP: 19/26 MP: 2/2
    63 | D:1      | Reached skill level 1 in Fighting
   518 | D:1      | Reached XP level 3. HP: 24/33 MP: 3/3
   754 | D:2      | Reached skill level 2 in Unarmed Combat
   919 | D:2      | Noticed Natasha
   927 | D:2      | Killed Natasha
   927 | D:2      | Reached XP level 4. HP: 18/42 MP: 4/4
  1145 | D:2      | Noticed Natasha
  1149 | D:2      | Killed Natasha
  1152 | D:2      | Noticed Natasha
  1168 | D:2      | Killed Natasha
  1168 | D:2      | Reached skill level 3 in Unarmed Combat
  1657 | D:3      | Reached XP level 5. HP: 50/50 MP: 5/5
  1711 | D:3      | Found an iron altar of Okawaru.
  1825 | D:3      | Noticed Jessica
  1846 | D:3      | Killed Jessica
  1855 | D:3      | Found a deep blue altar of Sif Muna.
  1954 | D:3      | Found a runed door.
  1983 | D:3      | Noticed wearedevo's ghost (amateur FeCK)
  2140 | D:3      | Noticed a water moccasin
  2153 | D:3      | Killed a water moccasin
  2153 | D:3      | Reached skill level 4 in Unarmed Combat
  2153 | D:3      | Reached XP level 6. HP: 20/61 MP: 6/6
  2636 | D:3      | Killed wearedevo's ghost
  2744 | D:3      | Reached skill level 5 in Unarmed Combat
  2801 | D:4      | Reached XP level 7. HP: 66/70 MP: 7/7
  3022 | D:4      | Found a hazy altar of Hepliaklqana.
  3023 | D:4      | Found a hide-covered altar of Uskayaw.
  3349 | D:5      | Entered Level 5 of the Dungeon
  3351 | D:5      | Found Omibrok's Magic Scroll Shoppe.
  3369 | D:5      | Bought a scroll of holy word for 105 gold pieces
  3369 | D:5      | Bought a scroll of teleportation for 42 gold pieces
  3434 | D:5      | Found a snail-covered altar of Cheibriados.
  3449 | D:5      | Became a worshipper of Cheibriados the Contemplative
  3624 | D:5      | Reached skill level 6 in Unarmed Combat
  3880 | D:5      | Reached skill level 5 in Fighting
  3961 | D:5      | Found a basalt altar of Yredelemnul.
  4011 | D:5      | Found an ornate altar of the Wu Jian Council.
  4231 | D:6      | Reached XP level 8. HP: 14/81 MP: 5/8
  4233 | D:6      | HP: 3/81 [orc priest/divine providence (13)]
  4355 | D:6      | Found a glowing drain.
  4364 | Sewer    | Entered a sewer
  4455 | Sewer    | Reached * piety under Cheibriados
  4576 | D:6      | Found a sparkling altar of Nemelex Xobeh.
  4698 | D:6      | Found a shimmering altar of Xom.
  4700 | D:6      | Found a white marble altar of Elyvilon.
  4710 | D:6      | Reached skill level 7 in Unarmed Combat
  4825 | D:6      | Reached ** piety under Cheibriados
  5321 | D:6      | Reached skill level 8 in Unarmed Combat
  5340 | D:6      | Found a bloodstained altar of Trog.
  5470 | D:7      | Found a staircase to the Ecumenical Temple.
  5509 | D:7      | Noticed Harold
  5536 | D:7      | Killed Harold
  5536 | D:7      | Reached skill level 9 in Unarmed Combat
  5536 | D:7      | Reached XP level 9. HP: 39/93 MP: 5/9
  5660 | D:7      | Noticed Prince Ribbit
  5671 | D:7      | Killed Prince Ribbit
  5757 | D:7      | Reached *** piety under Cheibriados
  5811 | D:7      | Noticed Joseph
  5821 | D:7      | Killed Joseph
  5855 | D:7      | Reached skill level 10 in Unarmed Combat
  5937 | D:7      | Reached XP level 10. HP: 95/106 MP: 10/10
  6364 | D:8      | Found a glowing golden altar of the Shining One.
  6551 | D:8      | Found a blossoming altar of Fedhas.
  6672 | D:8      | Reached **** piety under Cheibriados
  6723 | D:8      | Noticed a two-headed ogre
  6731 | D:8      | Killed a two-headed ogre
  6733 | D:8      | Reached skill level 11 in Unarmed Combat
  7248 | D:9      | Found a stormy altar of Qazlal.
  7392 | D:9      | Reached skill level 10 in Fighting
  7410 | D:9      | Noticed a two-headed ogre
  7415 | D:9      | Noticed a tengu warrior
  7428 | D:9      | Killed a two-headed ogre
  7428 | D:9      | Reached XP level 11. HP: 66/117 MP: 11/11
  7435 | D:9      | Killed a tengu warrior
  7435 | D:9      | Reached skill level 12 in Unarmed Combat
  7744 | D:9      | Found a staircase to the Lair.
  7908 | D:10     | Entered Level 10 of the Dungeon
  8191 | D:10     | Found a flagged portal.
  8358 | D:10     | Noticed a two-headed ogre
  8366 | D:10     | Killed a two-headed ogre
  8745 | D:11     | Noticed a cyan ugly thing
  8752 | D:11     | Killed a cyan ugly thing
  8752 | D:11     | Reached ***** piety under Cheibriados
  8942 | D:11     | Reached skill level 13 in Unarmed Combat
  8968 | D:11     | Found a staircase to the Orcish Mines.
  8989 | D:11     | Noticed a stone giant
  9355 | D:11     | Noticed a white ugly thing
  9358 | D:11     | Noticed a deep elf mage
  9362 | D:11     | Mangled by a white ugly thing

Vault maps used:
D:1:      tarquinn_simple_flora_water_b, lemuel_old_faithful
D:2:      uniq_natasha
D:3:      overflow_temple_1_default, ebering_ghost_sewer_d, tgw_sif,
          uniq_jessica
D:4:      gammafunk_temple_overflow_pools, grunt_decor_arrowhead
D:5:      cheibriados_altar_1, marbit_many_paths, serial_shops, shop,
          first_ration, yredelemnul_altar_generic
D:6:      chequers_temple_overflow_statue_of_worship,
          lemuel_coloured_pillars_altar, cheibrodos_sewer_entry_drain,
          nemelex_xobeh_ov_fountains_minmay
D:7:      nicolae_whirlpool, minitemple, temple_statues, uniq_prince_ribbit1,
          uniq_joseph, uniq_harold
D:8:      fedhas_altar_decomposition, tso_metal_star
D:9:      dpeg_oklobed_lair, basic_altar
D:10:     enter_bailey_2, blue_anna_alchemist
D:11:     lemuel_upstairs_altar, zombieorc2_lemuel, serial_shops, shop,
          kennysheep_just_a_vault
Sewer:    sewer_co_cracked_pipes

Skill      XL: |  1  2  3  4  5  6  7  8  9 10 11 |
---------------+----------------------------------+-----
Unarmed Combat | 1 2 3 4 5 6 9 10 11 13 | 13.2
Fighting       | 1 2 3 4 5 7 8 10 11 | 11.3
Dodging        | |  1.5
Stealth        | |  1.0
Spellcasting   | |  1.2
Conjurations   | |  2.9

Action                   |  1- 3 |  4- 6 |  7- 9 | 10-12 || total
-------------------------+-------+-------+-------+-------++-------
Melee: Unarmed           |    91 |   161 |   323 |   341 ||   916
       Punch             |     1 |     2 |    13 |    37 ||    53
Invok: Bend Time         |       |       |     3 |     3 ||     6
       Temporal Distorti |       |       |       |     1 ||     1
       Slouch            |       |       |       |     1 ||     1
Evoke: Wand              |       |       |     1 |       ||     1
  Use: Scroll            |       |       |     4 |     7 ||    11
 Stab: Sleeping          |     3 |     3 |     2 |     7 ||    15
       Distracted        |       |       |       |     1 ||     1
  Eat: Chunk             |    14 |    17 |    26 |    38 ||    95
Armor: Robe              |    27 |    59 |    79 |    27 ||   192
       Troll leather arm |       |       |       |    51 ||    51
Dodge: Dodged            |    48 |    93 |   133 |   152 ||   426

Table legend:
 A = Non-vault XP
 B = Vault XP
 C = Vault XP percentage of total XP
 D = Non-vault monster count
 E = Vault monster count
 F = Vault count percentage of total count
                 A         B        C        D         E       F
            +---------+---------+-------+---------+---------+-------
      Total |   16953 |    3257 |  16.1 |     267 |      67 |  20.1
            +---------+---------+-------+---------+---------+-------
        D:1 |      47 |       0 |   0.0 |      25 |       0 |   0.0
        D:2 |     111 |      35 |  24.0 |      20 |       1 |   4.8
        D:3 |     392 |     140 |  26.3 |      28 |       3 |   9.7
        D:4 |     244 |       0 |   0.0 |      16 |       0 |   0.0
        D:5 |     417 |       0 |   0.0 |      14 |       0 |   0.0
        D:6 |    1119 |       5 |   0.4 |      38 |       3 |   7.3
        D:7 |    1381 |    1778 |  56.3 |      23 |       3 |  11.5
        D:8 |    2448 |     496 |  16.8 |      25 |       7 |  21.9
        D:9 |    4339 |       0 |   0.0 |      26 |       0 |   0.0
       D:10 |    3569 |     103 |   2.8 |      27 |       1 |   3.6
       D:11 |    2886 |     646 |  18.3 |      25 |      35 |  58.3
      Sewer |       0 |      54 | 100.0 |       0 |      14 | 100.0
            +---------+---------+-------+---------+---------+-------
